 Dungeon Crawl Stone Soup version 0.27-a0-1334-g2746e35aca (webtiles) character file.

Game seed: 7311380356937664524

14 Delamore the Sneak (level 2, 0/19 HPs)
             Began as an Octopode Brigand on June 26, 2021.
             Slain by a gnoll (9 damage)
             ... on level 1 of the Dungeon.
             The game lasted 00:00:48 (1245 turns).

Delamore the Sneak (Octopode Brigand)               Turns: 1245, Time: 00:00:49

Health: 0/19       AC:  1    Str: 10    XL:     2   Next: 45%
Magic:  2/2        EV: 12    Int: 13    God:
Gold:   57         SH:  0    Dex: 13    Spells: 1/1 levels left

rFire    . . .     SeeInvis .   a - +2 dagger
rCold    . . .     Faith    .   (no shield)
rNeg     . . .     Spirit   .   (helmet restricted)
rPois    .         Reflect  .   (no amulet)
rElec    .         Harm     .   d - ring of wizardry
rCorr    .         Rampage  .   (no ring)
Will     .....                  (no ring)
Stlth    ++++......             (no ring)
HPRegen  0.06/turn              (no ring)
MPRegen  0.08/turn              (no ring)
                                (no ring)
                                (no ring)

@: no status effects
A: almost no armour, amphibious, 8 rings, camouflage 1, gelatinous body 1,
(nimble swimmer 1), tentacles
a: no special abilities


You were on level 1 of the Dungeon.
You visited 1 branch of the dungeon, and saw 2 of its levels.

You collected 57 gold pieces.

Inventory:

Hand Weapons
 a - a +2 dagger (weapon)
Missiles
 b - 4 poisoned darts (quivered)
 c - 2 curare-tipped darts
Jewellery
 d - a ring of wizardry (left tentacle)
Potions
 e - a potion of curing {unknown}


   Skills:
 + Level 2.2 Fighting
 * Level 2.5 Short Blades
 - Level 2.0 Throwing
 - Level 1.0 Dodging
 + Level 5.5 Stealth


You had one spell level left.
You didn't know any spells.
Your spell library was empty.

Dungeon Overview and Level Annotations

Branches:
Dungeon (2/15)

Altars:


Innate Abilities, Weirdness & Mutations

You cannot wear most types of armour.
You are amphibious.
You can wear up to eight rings at the same time.
Your skin changes colour to match your surroundings (Stealth+).
Your rubbery body absorbs attacks. (AC +1, EV +1)
((You are camouflaged near water. (Stealth+)))
You have tentacles for arms and can constrict up to eight enemies at once.


Message History

You are too injured to fight recklessly!
You are too injured to fight recklessly!
You release your grip on the gnoll.
There is a stone staircase leading up here.
You climb upwards.
There is a stone staircase leading down here.
You start resting.
HP restored.
You climb downwards.
The gnoll closely misses you. x2
There is a stone staircase leading up here.
Throw: 8 darts (poison)
Press: ? - help, Q - select action, (/) - cycle Shift-Dir - straight line, f - gnoll
Aim: a gnoll, wielding a +0 whip (63% to hit)
You throw a poisoned dart. The poisoned dart hits the gnoll.
The gnoll is poisoned.
The gnoll barely misses you.
Throw: 7 darts (poison)
Press: ? - help, Q - select action, (/) - cycle Shift-Dir - straight line, f/p - gnoll
Aim: a gnoll, wielding a +0 whip (poisoned, 63% to hit)
You throw a poisoned dart. The poisoned dart hits the gnoll.
The gnoll looks even sicker.
The gnoll hits you with a +0 whip.
Throw: 6 darts (poison)
Press: ? - help, Q - select action, (/) - cycle Shift-Dir - straight line, f/p - gnoll
Aim: a gnoll, wielding a +0 whip (very poisoned, 63% to hit)
You throw a poisoned dart. The poisoned dart hits the gnoll.
The gnoll looks even sicker.
Throw: 5 darts (poison)
Press: ? - help, Q - select action, (/) - cycle Shift-Dir - straight line, f/p - gnoll
Aim: a gnoll, wielding a +0 whip (very poisoned, 63% to hit)
You throw a poisoned dart.
The poisoned dart barely misses the gnoll.
The poisoned dart hits the gnoll.
The gnoll is poisoned.
The gnoll hits you with a +0 whip. The gnoll closely misses you.
You climb upwards.
There is a stone staircase leading down here.
You barely miss the gnoll. Your grab misses the gnoll.
The gnoll hits you with a +0 whip!
You die...

#.#############.....##
##.#####.
#...............>...#
#.......
#.##############.>..##
##....... #.#
##.##.###.รท...... ##.#
#####...#.#####. #..#
#####.# #. #.## #)# ## #.#
############### #.# #.#
#.....g@......# #.# #.#
#.###########.# #.# #.# #.#
#.# #.# #.# #.# #.# #.# #.#
#.# #######.###.# #.#
##.#####...........#
#.#######........#####.#####
#..........####### #.#
##########.# #.#


You could see a gnoll (very poisoned).

Vanquished Creatures
  A dart slug (D:1)
  An endoplasm (D:1)
  A goblin (D:1)
  A hobgoblin (D:1)
  A ball python (D:1)
  A bat (D:1)
  5 kobolds
  3 rats (D:1)
14 creatures vanquished.

Notes
Turn   | Place    | Note
-------+----------+-------------------------------------------
     0 | D:1      | Delamore the Octopode Brigand began the quest for the Orb.
     0 | D:1      | Reached XP level 1. HP: 14/14 MP: 1/1
   600 | D:1      | Reached XP level 2. HP: 18/19 MP: 2/2
  1245 | D:1      | Slain by a gnoll

Illustrated notes

Levels and vault maps discovered:
D:1:      scummos_arrival_forest, layout_loops_ring, kennysheep_small_spiral
D:2:      layout_basic, chequers_ecumenical_altar_simple, uniq_natasha,
          uniq_sigmund

Action                   || total
-------------------------++-------
Melee: Dagger            ||    25
       Constrict         ||     6
       Tentacles         ||     5
Throw: Dart              ||     4
 Stab: Sleeping          ||     5
Armor: Skin              ||     1
Dodge: Dodged            ||     9

Table legend: (Time is in decaauts)
 A = Elapsed time spent in this place.
 B = Non-inter-level travel time spent in this place.
 C = Inter-level travel time spent in this place.
 D = Time resting spent in this place.
 E = Time spent auto-exploring this place.
 F = Levels seen in this place.
 G = Mean time per level.
                   A        B        C        D        E       F      G
               +--------+--------+--------+--------+--------+-----+--------+
         Total |   1242 |   1239 |      3 |    535 |    599 |   2 |  621.0 |
       Dungeon |   1242 |   1239 |      3 |    535 |    599 |   2 |  621.0 |
               +--------+--------+--------+--------+--------+-----+--------+

Top non-repeatable levels by time:
     D:1: 1210 daAuts
     D:2: 32 daAuts
